 Dungeon Sprint DCSS version 0.31-a0-196-g86fe4a5e66 (webtiles) character file.

Game seed: 16366411248920674655

25 rocky1 the Trooper (level 3, -6/31 HPs)
             Began as a Vine Stalker Berserker on June 25, 2023.
             Was a Believer of Trog.
             Mangled by a water elemental (7 damage)
             ... in the Dungeon (Sprint III: "The Ten Rune Challenge").
             The game lasted 00:01:04 (572 turns).

rocky1 the Trooper (Vine Stalker Berserker)          Turns: 572, Time: 00:01:05

Health: -6/31      AC:  2    Str: 19    XL:     3   Next: 6%
Magic:  0/4        EV: 12    Int:  7    God:    Trog [**....]
Gold:   14         SH:  0    Dex: 15    Spells: 2/2 levels left

rFire   . . .        a - +0 falchion
rCold   . . .        (no shield)
rNeg    . . .        b - +0 animal skin
rPois   .            (no helmet)
rElec   .            (no cloak)
rCorr   .            (no gloves)
SInv    .            (no boots)
Will    .....        (no amulet) Stlth
                     (no ring)
HPRegen 0.25/turn    (no ring)
MPRegen 0.09/turn

%: no teleportation, guardian spirit
@: berserking, engulfed (cannot breathe), very quick
A: fangs 2, magic shield, antimagic bite, no potion heal 2
a: Renounce Religion, Berserk, Trog's Hand


You were in the Dungeon.
You worshipped Trog.
Trog was pleased with you.
You visited 1 branch You collected 14 gold pieces.

Inventory:

Hand Weapons
 a - a +0 falchion (weapon)
Armour
 b - a +0 animal skin (worn)
Scrolls
 g - a scroll of blinking
 h - a scroll of torment {unknown}
 i - a scroll of brand weapon {unknown}
 k - 2 scrolls of poison {unknown}
 l - 2 scrolls of identify
Potions
 c - 2 potions of curing
 d - a potion of haste
 e - 2 potions of magic
 f - 3 potions of mutation {unknown}
 j - 4 potions of enlightenment
 m - a potion of lignification {unknown}


   Skills:
 * Level 4.2 Fighting
 + Level 4.0 Long Blades
 + Level 2.0 Armour
 + Level 2.0 Dodging
 * Level 2.3 Stealth


You had 2 spell levels left.
You didn't know any spells.
Your spell library was empty.

Dungeon Overview and Level Annotations

Branches:
Dungeon (1/1)

Altars:


Innate Abilities, Weirdness & Mutations

You have extremely sharp teeth.
When hurt, damage is shared between your health and your magic reserves.
Your bite disrupts and absorbs the magic of your enemies.
Potions cannot restore your health.


Message History

You feel yourself slow down.
You start waiting.
You feel yourself speed up.
You start waiting.
You recover from your berserk rage.
You start waiting.
You start waiting.
You start waiting.
You open the door.
Found 14 gold pieces and 2 coppery potions.
There is an open door here.
You now have 5 gold pieces.
f - a coppery potion;
h - a scroll labelled XECUSS SUL RIMUA
i - a scroll labelled DAURI MI ODDUE;
f - 2 coppery potions (gained 1)
j - 2 potions of enlightenment
f - 3 coppery potions (gained 1);
k - 2 scrolls labelled LAFUFEXK GYIST
l - 2 scrolls of identify;
m - a lumpy brown potion
j - 4 potions of enlightenment (gained 2)
You now have 14 gold pieces (gained 9).
There is an open door here.
You enter the shallow water.
Moving in this stuff is going to be slow.
You open the door.
A water elemental comes into view.
There is an open door to the Ecumenical Temple here.
The water elemental hits you!!
Ouch! That really hurt!
* * * LOW HITPOINT WARNING * * *
Okay, then.
A red film seems to cover your vision as you go berserk!
You feel yourself moving faster!
You feel mighty! The water elemental hits you.
* * * LOW HITPOINT WARNING * * *
The water elemental engulfs you in water!
Unknown command.
You slash the water elemental!
The water elemental is moderately damaged.
* * * LOW HITPOINT WARNING * * *
Your lungs strain for air!
The water elemental hits you!
You die...

▓▓▓▓▓▓▓▓▓▓ ▓▓▓
#..'.....♣♣ ♣.#
#..#....♣.♣ ♣.#
####.....♣♣ ♣♣.#
†..#....~.♣ ♣..###+#+###
...#...~~♣♣♣ ♣.#........
...#..~~~~.♣♣♣.'.⌠......
##'#..~≈≈~~~♣..#@..####
...#.~~≈~~~....#.E.#
...#.~≈~~~.....#...#
...#.~~~.......#+###
####...........#
.......÷.......#
▓▓▓▓▓▓▓▓▓▓▓▓▓▓▓▓


You could see a water elemental.

Vanquished Creatures
  A human (D)
  A phantom (D)
  An endoplasm (D)
  3 rats (D)
6 creatures vanquished.

Notes
Turn   | Place    | Note
-------+----------+-------------------------------------------
     0 | D        | rocky1 the Vine Stalker Berserker began the quest for the
                  | Orb.
     0 | D        | Reached XP level 1. HP: 11/11 MP: 2/2
   164 | D        | Reached ** piety under Trog
   195 | D        | Reached XP level 2. HP: 17/17 MP: 1/3
   333 | D        | Reached XP level 3. HP: 21/21 MP: 4/4
   568 | D        | Noticed a water elemental
   572 | D        | HP: 1/31 [drowned by a water elemental (4)]
   572 | D        | Mangled by a water elemental

Illustrated notes

Levels and vault maps discovered:
D:        dungeon_sprint_mu [sprint_mu_entry_forest, sprint_mu_temple_rooms,
          sprint_mu_d1_spiders, sprint_mu_d2_genie, sprint_mu_d3_branching,
          sprint_mu_orc_legion, sprint_mu_elf_gauntlet, sprint_mu_hive_nellie,
          sprint_mu_lair_fedhas, sprint_mu_vaults_butterflies,
          sprint_mu_slime_circle, sprint_mu_swamp_cave, sprint_mu_shoals_archi,
          sprint_mu_blade_basic, sprint_mu_crypt_fortress,
          sprint_mu_tomb_spiral, sprint_mu_vestibule_basic,
          sprint_mu_gehenna_hellfire, sprint_mu_dis_giant,
          sprint_mu_tartarus_statrot, sprint_mu_cocytus_islands, sprint_mu_zot1]

Skill      XL: |  1  2 |
---------------+-------+-----
Fighting       | 4 |  4.2
Long Blades    | 3 4 |  4.0
Dodging        | 2 |  2.0
Stealth        | 2 |  2.3
Armour         | 2 |  2.0

Action                     || total
---------------------------++-------
  Melee: Falchion          ||    22
         Bite              ||     7
 Invoke: Berserk           ||     2
    Use: Potion            ||     1
 Armour: Animal skin       ||     1
  Dodge: Dodged            ||     9

Table legend: (Time is in decaauts)
 A = Elapsed time spent in this place.
 B = Non-inter-level travel time spent in this place.
 C = Inter-level travel time spent in this place.
 D = Time resting spent in this place.
 E = Time spent auto-exploring this place.
 F = Levels seen in this place.
 G = Mean time per level.
                   A        B        C        D        E       F      G
               +--------+--------+--------+--------+--------+-----+--------+
         Total |    595 |    595 |      0 |    488 |      0 |   1 |  595.0 |
       Dungeon |    595 |    595 |      0 |    488 |      0 |   1 |  595.0 |
               +--------+--------+--------+--------+--------+-----+--------+

Top non-repeatable levels by time:
       D: 595 daAuts
